 Dungeon Crawl Stone Soup version 0.27-a0-1232-gc6a4cbde82 (console) character file.

Game seed: 13727123681442944563

208 jejorda2 the Slasher (level 5, -5/42 HPs)
             Began as a Merfolk Berserker on June 8, 2021.
             Was a Follower of Trog.
             Killed by nerve-wracking pain
             ... invoked by Grinder
              (8 damage)
             ... while paralysed by Grinder
             ... on level 3 of the Dungeon.
             The game lasted 00:05:23 (3667 turns).

jejorda2 the Slasher (Merfolk Berserker)            Turns: 3667, Time: 00:05:23

Health: -5/42      AC:  7    Str: 19    XL:     5   Next: 86%
Magic:  5/5        EV:  2    Int:  6    God:    Trog [*.....]
Gold:   150        SH:  0    Dex: 13    Spells: 4/4 levels left

rFire    . . .     SeeInvis .   a - +0 falchion
rCold    . . .     Faith    .   (no shield)
rNeg     . . .     Spirit   .   d - +0 scale mail
rPois    .         Reflect  .   (no helmet)
rElec    .         Harm     .   i - +0 cloak
rCorr    .         Rampage  .   (no gloves)
Will     .....                  (no boots)
Stlth    ..........             (no amulet)
HPRegen  0.14/turn              (no ring)
MPRegen  0.09/turn              (no ring)

@: paralysed, on berserk cooldown, slowed
A: (nimble swimmer 2), mertail
a: Renounce Religion, Berserk


You were on level 3 of the Dungeon.
You worshipped Trog.
Trog was aware of your devotion.
You visited 1 branch of the dungeon, and saw 3 of its levels.

You collected 150 gold pieces.

Inventory:

Hand Weapons
 a - a +0 falchion (weapon)
 j - a +4 quarterstaff of chaos
Missiles
 b - 12 poisoned darts (quivered)
Armour
 d - a +0 scale mail (worn)
 i - a +0 cloak (worn)
Wands
 o - a wand of flame (18)
Scrolls
 f - a scroll of amnesia {unknown}
 g - a scroll of fear {unknown}
 h - a scroll of torment {unknown}
 k - a scroll of teleportation {unknown}
 l - 4 scrolls of identify {unknown}
 m - a scroll of magic mapping {unknown}
 n - a scroll of fog {unknown}
Potions
 c - 4 potions of heal wounds {unknown}
 e - 3 potions of flight {unknown}
 p - 3 potions of brilliance {unknown}
 q - a potion of cancellation {unknown}


   Skills:
 + Level 4.2 Fighting
 * Level 5.0 Long Blades
 + Level 2.3 Armour
 + Level 4.2 Dodging


You had 4 spell levels left.
You didn't know any spells.
Your spell library was empty.

Dungeon Overview and Level Annotations

Branches:
Dungeon (3/15)

Altars:
Sif Muna

Annotations:
D:3 Grinder


Innate Abilities, Weirdness & Mutations

((You are quick and stealthy near water. (Stealth+, EV+, Speed+++)))
Your lower body shifts to a powerful aquatic tail in water.


Message History

Grinder barely misses you.
You slash Grinder!
Grinder is heavily wounded.
You hit Grinder.
Grinder is severely wounded.
Grinder hits you but does no damage.
You hit Grinder.
Grinder is severely wounded.
Grinder closely misses you.
You riposte.
You barely miss Grinder.
Grinder is severely wounded.
You closely miss Grinder.
Grinder is severely wounded.
You are no longer berserk.
You are exhausted.
You feel yourself slow down. Grinder gestures at you.
You barely resist. You closely miss Grinder.
Grinder is severely wounded.
Grinder hits you but does no damage.
You hit Grinder.
Grinder is almost dead.
Grinder gestures at you. You resist with significant effort.
Grinder closely misses you.
You completely miss Grinder.
Grinder is almost dead.
Grinder gestures at you.
You barely resist. You hit Grinder but do no damage.
Grinder is almost dead.
Grinder gestures at you.
You suddenly lose the ability to move!
Grinder hits you!
You writhe in agony.
* * * LOW HITPOINT WARNING * * *
Grinder hits you.
* * * LOW HITPOINT WARNING * * *
You writhe in agony.
* * * LOW HITPOINT WARNING * * *
Grinder gestures at you. Pain shoots through your body!
You die...

........#
#≈≈≈
##+###..#
#≈≈≈ #..#
#≈≈≈
###.###..#
#≈≈≈
+.._###.##
#≈≈≈
###.###.#
#≈≈≈ # #.#
#..###+###.#
#....@.....#
#.....5#####
########


You could see Grinder.

Vanquished Creatures
  A scorpion (D:3)
  Crazy Yiuf (D:2)
  Ijyb (D:3)
  An adder (D:2)
  4 gnolls (D:2)
  2 worms (D:2)
  An orc (D:3)
  3 endoplasms
  A giant cockroach (D:1)
  3 goblins
  7 hobgoblins
  6 kobolds
  A quokka (D:1)
  2 ball pythons
  4 bats
  3 rats
41 creatures vanquished.

Notes
Turn   | Place    | Note
-------+----------+-------------------------------------------
     0 | D:1      | jejorda2 the Merfolk Berserker began the quest for the Orb.
     0 | D:1      | Reached XP level 1. HP: 18/18 MP: 1/1
   253 | D:1      | Found a faded altar of an unknown god.
   503 | D:1      | Reached XP level 2. HP: 24/24 MP: 2/2
   772 | D:1      | You fall into a shaft and drop 1 floor!
  1322 | D:2      | Reached XP level 3. HP: 20/29 MP: 3/3
  1508 | D:2      | Reached skill level 4 in Long Blades
  1648 | D:2      | Reached XP level 4. HP: 37/37 MP: 4/4
  1874 | D:2      | Found a runed translucent door.
  1875 | D:2      | Noticed Crazy Yiuf
  1882 | D:2      | Killed Crazy Yiuf
  2793 | D:3      | Reached XP level 5. HP: 42/42 MP: 5/5
  3163 | D:3      | Reached ** piety under Trog
  3201 | D:3      | Noticed Ijyb
  3216 | D:3      | Killed Ijyb
  3217 | D:3      | Reached skill level 5 in Long Blades
  3640 | D:3      | Found a shimmering blue altar of Sif Muna.
  3645 | D:3      | Noticed Grinder
  3665 | D:3      | Paralysed by Grinder for 4 turns
  3666 | D:3      | HP: 2/42 [Grinder (6)]
  3667 | D:3      | Killed from afar by Grinder

Illustrated notes

Levels and vault maps discovered:
D:1:      saegor_arrival_simple_c, layout_basic, basic_ecumenical_altar,
          roderic_lattice_a, serial_park_tiny_1, serial_park_tiny_1
D:2:      layout_basic, minmay_door_square, lemuel_another_geyser,
          uniq_crazy_yiuf_cottage
D:3:      wander_river, layout_rooms, lemuel_doored_altar, uniq_ijyb,
          uniq_grinder

Skill      XL: |  1  2  3  4  5 |
---------------+----------------+-----
Dodging        | 3 4 |  4.2
Long Blades    | 4 5 |  5.0
Armour         | 2 |  2.3
Fighting       | 4 |  4.2

Action                   |  1- 3 |  4- 6 || total
-------------------------+-------+-------++-------
Melee: Falchion          |    67 |   102 ||   169
Throw: Dart              |     2 |     5 ||     7
Invok: Berserk           |     3 |     4 ||     7
       Trog's Hand       |       |     1 ||     1
Armor: Animal skin       |     6 |       ||     6
       Scale mail        |    30 |    35 ||    65
Dodge: Dodged            |    44 |    45 ||    89
       Rpst.: Falchion   |    12 |    14 ||    26

Table legend: (Time is in decaauts)
 A = Elapsed time spent in this place.
 B = Non-inter-level travel time spent in this place.
 C = Inter-level travel time spent in this place.
 D = Time resting spent in this place.
 E = Time spent auto-exploring this place.
 F = Levels seen in this place.
 G = Mean time per level.
                   A        B        C        D        E       F      G
               +--------+--------+--------+--------+--------+-----+--------+
         Total |   3712 |   3528 |    184 |    387 |   2636 |   3 | 1237.3 |
       Dungeon |   3712 |   3528 |    184 |    387 |   2636 |   3 | 1237.3 |
               +--------+--------+--------+--------+--------+-----+--------+

Top non-repeatable levels by time:
     D:2: 1737 daAuts
     D:1: 1316 daAuts
     D:3: 659 daAuts
